AoeStats
← Fenix

Lombardia

509370258Analyzed
4v4 RM · 7d ago on Sep 26, 2026· 28m 56s· 8 players
Game mode
Random Map
Map size
Large (8 player)
Population
200
Speed
Normal
Resources
Standard
Victory
Conquest
Starting age
Dark Age
Ending age
Imperial Age
RankedLock teamsTeams togetherTeam positionsShared explorationLock speedFull tech treeHidden civsTurbo modeCheats
Victory
Defeat
🇹🇼 Portuguese · Taiwan
1403
+12
🇵🇪 Turks · Peru
1390
+13
🇵🇪 Britons · Peru
1358
+14
🇹🇷 Gurjaras · Türkiye
1323
+16
🇨🇳 Mongols · China
1405
-18
1324
-14
🇹🇼 Khmer · Taiwan
1308
-13
🇨🇳 Persians · China
1231
-10
Fenix
6:37 Loom
7:09 Loom
10:56 Feudal Age
11:43 Double-Bit Axe
12:02 Horse Collar
22:35 Castle Age
21:02 Fletching
22:02 Gold Mining
23:13 Bodkin Arrow
22:40 Crossbowman
23:34 Bow Saw
25:09 Ballistics
28:05 Town Watch
28:40 Heavy Plow
Anakin
6:58 Loom
11:26 Feudal Age
16:55 Castle Age
16:49 Double-Bit Axe
21:31 Horse Collar
totoro1396
8:59 Loom
10:45 Feudal Age
11:33 Double-Bit Axe
15:40 Castle Age
14:11 Stone Mining
16:48 Bow Saw
20:45 Gold Mining
铁证如山王洪文
11:40 Feudal Age
12:28 Horse Collar
12:34 Double-Bit Axe
15:54 Castle Age
16:40 Heavy Plow
18:11 Loom
20:36 Wheelbarrow
22:28 Bow Saw
23:56 Hand Cart
24:16 Husbandry
24:53 Town Watch
25:44 Forging
25:42 Scale Barding Armor
25:48 Forging
26:34 Bloodlines
27:49 Iron Casting
anny52086
8:10 Loom
10:13 Feudal Age
15:44 Castle Age
14:51 Horse Collar
16:28 Double-Bit Axe
18:21 Scale Barding Armor
19:33 Forging
21:21 Wheelbarrow
21:05 Husbandry
23:25 Bloodlines
25:41 Gold Mining
27:18 Chain Barding Armor
你好骚啊
11:16 Feudal Age
15:12 Castle Age
13:26 Double-Bit Axe
13:45 Horse Collar
16:16 Bow Saw
25:53 Heavy Plow
娘子出來看上帝了
8:30 Loom
10:17 Feudal Age
9:40 Loom
16:04 Castle Age
15:08 Double-Bit Axe
15:15 Horse Collar
16:43 Light Cavalry
22:28 Wheelbarrow
23:33 Bloodlines
23:41 Scale Barding Armor
25:08 Forging
26:05 Chain Barding Armor
27:04 Iron Casting
28:21 Iron Casting
别那么骚
3:41 Loom
10:52 Feudal Age
16:47 Castle Age
15:51 Double-Bit Axe
15:52 Horse Collar
18:40 Wheelbarrow
18:12 Heavy Plow
21:24 Stone Mining
23:27 Bow Saw
24:02 Gold Mining
27:48 Hand Cart
Connection lost

Rejoining the realm…

Still unreachable

The connection could not be restored.

Session expired

The server has moved on; the page needs a fresh start.